 Dungeon Crawl Stone Soup version 0.31-a0-675-g238779eb0a (webtiles) character file.

Game seed: 14456275139234924211

1736 senseless the Ruffian (level 9, -6/66 HPs)
             Began as a Gnoll Shapeshifter on Sept 5, 2023.
             Was a Believer of the Shining One.
             Mangled by a two-headed ogre
             ... wielding a +0 dire flail
              (8 damage)
             ... on level 6 of the Dungeon.
             The game lasted 00:14:24 (5418 turns).

senseless the Ruffian (Gnoll Shapeshifter)          Turns: 5418, Time: 00:14:25

Health: -6/66      AC: 12    Str: 18    XL:     9   Next: 5%
Magic:  14/14      EV: 13    Int:  9    God:    the Shining One [**....]
Gold:   22         SH:  0    Dex: 12    Spells: 15/15 levels left

rFire   . . .        x - melded +4 spear
rCold   . . .        (shield currently unavailable)
rNeg    + . .        D - +4 ring mail
rPois   .            (no helmet)
rElec   .            (no cloak)
rCorr   .            (no gloves)
SInv    .            q - +1 pair of boots
Will    .....        (no amulet)
Stlth   +            (no ring)
HPRegen 0.31/turn    (no ring)
MPRegen 0.14/turn

%: no passive effects
@: flux-form, glowing
A: glow, contaminating, fangs 1, strong nose, distributed training
a: Begin Untransformation, Renounce Religion, Divine Shield


You were on level 6 of the Dungeon.
You worshipped the Shining One.
The Shining One was pleased with you.
You were something dangerously unstable.
You visited 1 branch of the dungeon, and saw 6 of its levels.

You collected 338 gold pieces.
You spent 316 gold pieces at shops.

Inventory:

Hand Weapons
 e - a +1 dagger of speed
 j - a +0 mace of holy wrath
 t - a +2 dagger of venom
 x - a +4 spear (melded)
Missiles
 k - 4 boomerangs
 o - 22 poisoned darts
 s - a throwing net
Armour
 a - a +1 animal skin
 q - a +1 pair of boots (worn)
 y - a +2 leather armour of poison resistance
 D - a +4 ring mail (worn)
Magical Staves
 v - a staff of conjuration
Talismans
 c - a beast talisman
 d - a flux talisman (active)
Wands
 h - a wand of polymorph (2)
 n - a wand of flame (35) (quivered)
Scrolls
 l - a scroll of poison
 m - 5 scrolls of teleportation
 r - 3 scrolls of fog
Potions
 b - a potion of lignification
 f - a potion of haste
 g - a potion of enlightenment {unknown}
 i - 2 potions of attraction
 u - 3 potions of brilliance
 w - a potion of mutation {unknown}
 z - a potion of resistance {unknown}
 B - 4 potions of curing {unknown}
 C - 2 potions of berserk rage {unknown}


   Skills:
 + Level 4.7 Fighting
 + Level 3.9 Short Blades
 + Level 3.9 Long Blades
 + Level 3.9 Axes
 + Level 3.9 Maces & Flails
 + Level 3.9 Polearms
 + Level 3.9 Staves
 + Level 3.9 Ranged Weapons
 + Level 3.9 Throwing
 + Level 3.9 Armour
 + Level 6.1 Dodging
 + Level 3.9 Stealth
 + Level 3.9 Shields
 + Level 7.7 Unarmed Combat
 + Level 3.9 Spellcasting
 + Level 3.2 Conjurations
 + Level 3.2 Hexes
 + Level 3.2 Summonings
 + Level 3.2 Necromancy
 + Level 3.2 Translocations
 + Level 3.2 Transmutations
 + Level 3.2 Fire Magic
 + Level 3.2 Ice Magic
 + Level 3.2 Air Magic
 + Level 3.2 Earth Magic
 + Level 3.2 Poison Magic
 + Level 4.3 Invocations
 + Level 3.9 Evocations
 + Level 7.5 Shapeshifting


You had 15 spell levels left.
You didn't know any spells.
Your spell library contained the following spells:

 Spells                   Type           Power      Damage    Failure   Level
 Frozen Ramparts          Ice            14%        1d3       36%         3
 Inner Flame              Hex/Fire       7%         N/A       36%         3
 Petrify                  Tmut/Erth      7%         N/A       77%         4
 Metabolic Englaciation   Hex/Ice        3%         N/A       98%         5
 Yara's Violent Unravell  Hex/Tmut       3%         3d4       98%         5
 Enfeeble                 Hex            3%         N/A       100%        7


Dungeon Overview and Level Annotations

Branches:
Dungeon (6/15)
 Temple: D:4-7

Altars:
Ashenzari
Elyvilon
Fedhas
Nemelex Xobeh
Qazlal
Wu Jian
The Shining One

Shops:
D:2 *   D:5 [


Innate Abilities, Weirdness & Mutations

You are something dangerously unstable.
You glow with magical radiation, making you easy to see and hit.
Foes you strike become dangerously contaminated with magical radiation.
You are incapable of wielding weapons or throwing items.
You have very sharp teeth.
Your uncanny sense of smell can sniff out nearby items.
Your experience applies equally to all skills.


Message History

The two-headed ogre glows dangerously bright.
The two-headed ogre is lightly wounded.
The two-headed ogre hits you with a +0 dire flail!
The two-headed ogre hits you with a +0 giant spiked club.
You are too injured to fight recklessly!
You hit the two-headed ogre.
The two-headed ogre shudders as magic cascades through it.
The two-headed ogre twists and deforms.
The two-headed ogre is lightly wounded.
You hit the two-headed ogre but do no damage.
The two-headed ogre begins to glow.
You bite the two-headed ogre, but do no damage.
The two-headed ogre is lightly wounded.
The two-headed ogre hits you with a +0 dire flail!
* * * LOW HITPOINT WARNING * * *
The two-headed ogre hits you with a +0 giant spiked club.
* * * LOW HITPOINT WARNING * * *
You feel much better.
You punch the two-headed ogre!
The two-headed ogre glows dangerously bright.
The two-headed ogre is moderately wounded.
The two-headed ogre closely misses you.
The two-headed ogre hits you with a +0 giant spiked club!!
* * * LOW HITPOINT WARNING * * *
You punch the two-headed ogre!
The two-headed ogre shudders as magic cascades through it!!
The two-headed ogre twists and deforms.
The two-headed ogre is almost dead.
You hear the slow rusting of a very distant drain.
The two-headed ogre hits you with a +0 dire flail!
* * * LOW HITPOINT WARNING * * *
The two-headed ogre hits you but does no damage.
You barely miss the two-headed ogre.
The two-headed ogre is almost dead.
You hit the two-headed ogre but do no damage.
The two-headed ogre begins to glow.
You bite the two-headed ogre, but do no damage.
The two-headed ogre is almost dead.
The two-headed ogre hits you with a +0 dire flail!
You die...

#.########.#
#.......####
#########.#
#.........#
#....######
#........#
#.....##.#
###.#..#
#.##B# #.
#O# .. .J.
.......
......#
#####...
.... .....


You could see a two-headed ogre (contam, misshapen) and a jelly.

Vanquished Creatures
  Pikel (D:5)
  Edmund (D:4)
  Menkaure (D:5)
  A black bear (D:5)
  An ogre (D:5)
  2 lemures (D:5)
  2 phantoms
  A kobold brigand (D:5)
  Blork the orc (D:4)
  6 hounds
  2 jellies
  An iguana (D:5)
  An orc wizard (D:5)
  10 adders
  8 gnolls
  A white imp (D:5)
  6 dart slugs
  12 orcs
  8 bats
  3 endoplasms
  2 giant cockroaches
  4 goblins
  A hobgoblin (D:3)
  8 jackals (D:1)
  6 quokkas
  5 ball pythons
  6 frilled lizards
  13 kobolds
  6 rats
  A spectral goblin (D:1)
121 creatures vanquished.

Vanquished Creatures (collateral kills)
  A gnoll bouda (D:4)
1 creature vanquished.

Grand Total: 122 creatures vanquished

Notes
Turn   | Place    | Note
-------+----------+-------------------------------------------
     0 | D:1      | senseless the Gnoll Shapeshifter began the quest for the
                  | Orb.
     0 | D:1      | Reached XP level 1. HP: 17/17 MP: 1/1
    22 | D:1      | Reached XP level 2. HP: 10/23 MP: 2/2
   494 | D:1      | Reached XP level 3. HP: 28/28 MP: 3/3
   660 | D:1      | Found a faded altar of an unknown god.
   820 | D:1      | Reached skill level 1 in Invocations
  1007 | D:2      | Found Gaujaod's Assorted Antiques.
  1032 | D:2      | Bought a scroll labelled JUYWOR ZENOIHIGE for 21 gold
                  | pieces
  1032 | D:2      | Bought a lumpy white potion for 18 gold pieces
  1032 | D:2      | Bought 2 bubbling ruby potions for 37 gold pieces
  1059 | D:2      | Reached skill level 1 in Short Blades
  1059 | D:2      | Reached skill level 1 in Long Blades
  1059 | D:2      | Reached skill level 1 in Axes
  1059 | D:2      | Reached skill level 1 in Maces & Flails
  1059 | D:2      | Reached skill level 1 in Polearms
  1059 | D:2      | Reached skill level 1 in Staves
  1059 | D:2      | Reached skill level 1 in Ranged Weapons
  1059 | D:2      | Reached skill level 1 in Throwing
  1059 | D:2      | Reached skill level 1 in Armour
  1059 | D:2      | Reached skill level 1 in Stealth
  1059 | D:2      | Reached skill level 1 in Shields
  1059 | D:2      | Reached skill level 1 in Spellcasting
  1059 | D:2      | Reached skill level 1 in Evocations
  1083 | D:2      | Found a broken altar of Ashenzari.
  1155 | D:2      | Reached XP level 4. HP: 32/34 MP: 5/5
  1731 | D:3      | Found a faded altar of an unknown god.
  1731 | D:3      | Found a faded altar of an unknown god.
  1731 | D:3      | Found a stormy altar of Qazlal.
  1731 | D:3      | Found a blossoming altar of Fedhas.
  1745 | D:3      | Found a sparkling altar of Nemelex Xobeh.
  1747 | D:3      | Prayed at the altar of an unknown god.
  1747 | D:3      | Became a worshipper of the Shining One
  1747 | D:3      | Reached * piety under the Shining One
  1774 | D:3      | Reached skill level 1 in Conjurations
  1774 | D:3      | Reached skill level 1 in Hexes
  1774 | D:3      | Reached skill level 1 in Summonings
  1774 | D:3      | Reached skill level 1 in Necromancy
  1774 | D:3      | Reached skill level 1 in Translocations
  1774 | D:3      | Reached skill level 1 in Transmutations
  1774 | D:3      | Reached skill level 1 in Fire Magic
  1774 | D:3      | Reached skill level 1 in Ice Magic
  1774 | D:3      | Reached skill level 1 in Air Magic
  1774 | D:3      | Reached skill level 1 in Earth Magic
  1774 | D:3      | Reached skill level 1 in Poison Magic
  2463 | D:4      | Reached XP level 5. HP: 39/40 MP: 5/7
  2473 | D:4      | The Shining One protects you from harm!
  2477 | D:3      | HP: 2/40 [gnoll/+0 club[a gnoll bouda] (3)]
  2698 | D:4      | Noticed a phantom
  2707 | D:4      | Killed a phantom
  2708 | D:4      | Reached XP level 6. HP: 45/47 MP: 8/8
  2713 | D:4      | Reached skill level 5 in Dodging
  3000 | D:4      | Noticed Edmund
  3014 | D:4      | Killed Edmund
  3015 | D:4      | Reached XP level 7. HP: 27/52 MP: 10/10
  3167 | D:4      | Noticed Blork the orc
  3179 | D:4      | Killed Blork the orc
  3849 | D:5      | Entered Level 5 of the Dungeon
  3926 | D:5      | Noticed Menkaure
  3932 | D:5      | Killed Menkaure
  4036 | D:5      | Reached XP level 8. HP: 42/60 MP: 12/12
  4405 | D:5      | Noticed Pikel
  4445 | D:5      | Killed Pikel
  4524 | D:5      | Reached ** piety under the Shining One
  4648 | D:5      | Reached XP level 9. HP: 58/64 MP: 14/14
  4678 | D:5      | Found Ypobuov's Armour Boutique.
  4695 | D:5      | Bought a +2 leather armour of poison resistance for 240
                  | gold pieces
  4794 | D:5      | Found an ornate altar of the Wu Jian Council.
  4894 | D:5      | Found a white marble altar of Elyvilon.
  5403 | D:6      | Noticed a two-headed ogre
  5413 | D:6      | HP: 1/66 [two-headed ogre/+0 dire flail (6)]
  5418 | D:6      | Mangled by a two-headed ogre

Illustrated notes

Levels and vault maps discovered:
D:1:      wander_arrival_chamber, layout_loops_corners,
          dreamdust_ecumenical_altar_drowned_temple
D:2:      layout_loops_ring, serial_shops, nicolae_shop_peninsula, basic_altar,
          ebering_dispersal_statue_hall, chequers_decorated_corner
D:3:      layout_basic, chequers_temple_overflow_minitemple,
          minmay_misc_feat_square, nicolae_titane
D:4:      layout_cave_pods, corexii_corridor_pit,
          chequers_serial_rivers_large_b, uniq_edmund, uniq_blork_the_orc
D:5:      layout_cave_pods, kennysheep_mini_moat, general_overflow_altar,
          serial_rivers, chequers_serial_rivers_micro_b,
          chequers_serial_rivers_micro_c, chequers_serial_rivers_micro_c,
          chequers_serial_rivers_large_a, chequers_serial_rivers_micro_a,
          serial_shops, shop, nrook_mini_backslash, minmay_chambers_of_fives,
          uniq_pikel, uniq_menkaure
D:6:      kb_forest_paths, layout_basic, minmay_temple_entry_butterflies,
          gup_sewer_entry_pipe, nicolae_stop_n_shop_2,
          corexii_item_surrounded_by_moat, uniq_sigmund

Skill      XL: |  1  2  3  4  5  6  7  8 |
---------------+-------------------------+-----
Invocations    | 1 2 3 4 |  4.3
Short Blades   | 1 2 3 |  3.9
Long Blades    | 1 2 3 |  3.9
Axes           | 1 2 3 |  3.9
Maces & Flails | 1 2 3 |  3.9
Polearms       | 1 2 3 |  3.9
Staves         | 1 2 3 |  3.9
Ranged Weapons | 1 2 3 |  3.9
Throwing       | 1 2 3 |  3.9
Armour         | 1 2 3 |  3.9
Stealth        | 1 2 3 |  3.9
Shields        | 1 2 3 |  3.9
Spellcasting   | 1 2 3 |  3.9
Evocations     | 1 2 3 |  3.9
Conjurations   | 1 2 3 |  3.2
Hexes          | 1 2 3 |  3.2
Summonings     | 1 2 3 |  3.2
Necromancy     | 1 2 3 |  3.2
Translocations | 1 2 3 |  3.2
Transmutations | 1 2 3 |  3.2
Fire Magic     | 1 2 3 |  3.2
Ice Magic      | 1 2 3 |  3.2
Air Magic      | 1 2 3 |  3.2
Earth Magic    | 1 2 3 |  3.2
Poison Magic   | 1 2 3 |  3.2
Fighting       | 3 4 |  4.7
Dodging        | 5 6 |  6.1
Unarmed Combat | 7 |  7.7
Shapeshifting  | 7 |  7.5

Action                     |  1- 3 |  4- 6 |  7- 9 || total
---------------------------+-------+-------+-------++-------
  Melee: Unarmed           |    19 |       |   135 ||   154
         Bite              |     8 |     6 |    20 ||    34
         Dagger            |    70 |    75 |       ||   145
         Punch             |     6 |     5 |       ||    11
         Spear             |       |    13 |    18 ||    31
  Evoke: Wand              |       |       |     1 ||     1
    Use: Scroll            |       |    10 |     7 ||    17
         Potion            |       |     2 |     1 ||     3
   Stab: Sleeping          |     3 |       |       ||     3
 Armour: Animal skin       |    28 |    41 |    47 ||   116
         Leather armour    |       |       |    10 ||    10
         Ring mail         |       |       |    10 ||    10
  Dodge: Dodged            |    46 |    64 |    87 ||   197
   Form: Flux              |       |       |     1 ||     1

Table legend: (Time is in decaauts)
 A = Elapsed time spent in this place.
 B = Non-inter-level travel time spent in this place.
 C = Inter-level travel time spent in this place.
 D = Time resting spent in this place.
 E = Time spent auto-exploring this place.
 F = Levels seen in this place.
 G = Mean time per level.
                   A        B        C        D        E       F      G
               +--------+--------+--------+--------+--------+-----+--------+
         Total |   5426 |   5223 |    203 |    221 |   4234 |   6 |  904.3 |
       Dungeon |   5426 |   5223 |    203 |    221 |   4234 |   6 |  904.3 |
               +--------+--------+--------+--------+--------+-----+--------+

Top non-repeatable levels by time:
     D:5: 1504 daAuts
     D:4: 1296 daAuts
     D:1: 917 daAuts
     D:3: 871 daAuts
     D:2: 784 daAuts
     D:6: 51 daAuts
